 Dungeon Crawl Stone Soup version 0.31-a0-229-g1fc7ce93e2 (webtiles) character file.

Game seed: 13247205423537573230

161 qw the Shooter (level 5, -3/41 HPs)
             Began as a Minotaur Hexslinger on July 6, 2023.
             Slain by a gnoll
             ... wielding a +0 whip
              (8 damage)
             ... on level 2 of the Dungeon.
             The game lasted 00:00:30 (1181 turns).

qw the Shooter (Minotaur Hexslinger)                Turns: 1181, Time: 00:00:30

Health: -3/41      AC:  5    Str: 12    XL:     5   Next: 19%
Magic:  5/5        EV: 11    Int: 10    God:
Gold:   167        SH:  0    Dex: 15    Spells: 5/6 levels left

rFire   + . .        Y - +1 sling
rCold   . . .        (no shield)
rNeg    . . .        j - +0 ring mail
rPois   .            (helmet restricted)
rElec   .            (no cloak)
rCorr   .            (no gloves)
SInv    .            (no boots)
Will    .....        (no amulet)
Stlth   +            d - ring of protection from fire
HPRegen 0.26/turn    (no ring)
MPRegen 0.09/turn

%: no passive effects
@: no status effects
A: horns 2, retaliatory headbutt
a: no special abilities


You were on level 2 of the Dungeon.
You visited 1 branch of the dungeon, and saw 2 of its levels.

You collected 167 gold pieces.


Innate Abilities, Weirdness & Mutations

You have a pair of horns on your head.
You reflexively headbutt those who attack you in melee.


   Skills:
 + Level 2.3 Fighting
 - Level 5.4 Ranged Weapons
 - Level 1.3 Armour
 - Level 2.1 Dodging
 - Level 1.0 Spellcasting
 - Level 2.0 Hexes


You had 5 spell levels left.
You knew the following spells:

 Your Spells              Type           Power      Damage    Failure   Level
a - Slow                  Hex            16%        N/A       32%         1

Your spell library contained the following spells:

 Spells                   Type           Power      Damage    Failure   Level
 Inner Flame              Hex/Fire       2%         N/A       83%         3
 Portal Projectile        Hex/Tloc       4%         N/A       83%         3
 Cause Fear               Hex            2%         N/A       97%         4

Inventory:

Hand Weapons
 Y - a +1 sling (weapon)
Armour
 j - a +0 ring mail (worn)
Jewellery
 a - a ring of protection from cold
 d - a ring of protection from fire (left hand)
Potions
 b - 2 potions of berserk rage {unknown}
 k - a potion of resistance {unknown}
 l - a potion of heal wounds {unknown}

Dungeon Overview and Level Annotations

Branches:
Dungeon (2/15)

Altars:


Message History

The adder misses you. You furiously retaliate!
You headbutt the adder.
You kill the adder!
Your Armour skill increases to level 1!
You have reached level 5!
You shoot a sling bullet.
The sling bullet closely misses the gnoll.
The gnoll hits you with a +0 whip.
You shoot a sling bullet. The sling bullet hits the gnoll.
The gnoll is almost dead.
The gnoll throws a throwing net.
The throwing net hits you.
You become entangled in the net!
The gnoll hits you with a +0 whip. x2
You struggle against the net.
The gnoll barely misses you.
You struggle against the net.
The gnoll barely misses you.
You struggle against the net.
The gnoll hits you with a +0 whip.
You rip the net and break free!
The gnoll hits you with a +0 whip.
You shoot a sling bullet.
The sling bullet barely misses the gnoll.
The gnoll hits you but does no damage.
You shoot a sling bullet.
The sling bullet hits the gnoll but does no damage.
The gnoll is almost dead.
The gnoll closely misses you.
You shoot a sling bullet. The sling bullet hits the gnoll.
You kill the gnoll!
You shoot a sling bullet. The sling bullet hits the gnoll.
The gnoll is moderately wounded.
You shoot a sling bullet.
The sling bullet closely misses the gnoll.
The gnoll hits you with a +0 whip.
You shoot a sling bullet.
The sling bullet hits the gnoll but does no damage.
The gnoll is moderately wounded.
The gnoll hits you but does no damage.
You shoot a sling bullet. The sling bullet hits the gnoll.
The gnoll is heavily wounded.
The gnoll hits you with a +0 whip!
You die...

#########.##.............
...................%....#
.#..#....#..............
..#+#..#.#.....).....%.....
.......#.#..#.#########....
............#..... ####....
...<.............. ........
.........#..#..... ###....
.........#@##..... #....
.........g))# .. #....
####..##.#.## #.... #..
#.#.# #.... .... ..#.#
###.. ### ##.#.# .#######.)
... .......... ..#
.......... ..........


You could see a gnoll.

Vanquished Creatures
  A black bear (D:2)
  An adder (D:2)
  2 gnolls (D:2)
  A worm (D:2)
  A dart slug (D:1)
  3 ball pythons
  4 bats
  4 endoplasms
  3 goblins
  4 hobgoblins
  2 jackals (D:2)
  3 quokkas (D:1)
  4 frilled lizards
  3 kobolds (D:1)
  A rat (D:1)
37 creatures vanquished.

Notes
Turn   | Place    | Note
-------+----------+-------------------------------------------
     0 | D:1      | qw the Minotaur Hexslinger began the quest for the Orb.
     0 | D:1      | Reached XP level 1. HP: 16/16 MP: 1/1
     0 | D:1      | 0 ||| qw: Version: 0.3-a-46-gb1f654a
     0 | D:1      | 0 ||| qw: Game counter: 1719
     0 | D:1      | 0 ||| qw: Melee chars always use a shield: true
     0 | D:1      | 0 ||| qw: God list: Okawaru
     0 | D:1      | 0 ||| qw: Allow faded altars: false
     0 | D:1      | 0 ||| qw: Do Orc after clearing Dungeon:15 true
     0 | D:1      | 0 ||| qw: Do second Lair branch before Depths: true
     0 | D:1      | 0 ||| qw: Lair rune preference: random
     0 | D:1      | 0 ||| qw: Goals: Normal
     0 | D:1      | 0 ||| PLANNING D:1-11
   194 | D:1      | Reached skill level 3 in Ranged Weapons
   194 | D:1      | Reached XP level 2. HP: 22/23 MP: 2/2
   673 | D:1      | 673 ||| UPGRADING to +0 leather armour.
   683 | D:1      | 683 ||| DROPPING +0 robe.
   684 | D:1      | 684 ||| UPGRADING to +0 ring mail.
   694 | D:1      | 694 ||| DROPPING +0 leather armour.
   695 | D:1      | 695 ||| UPGRADING to ring of protection from fire.
   696 | D:1      | 696 ||| READING scroll labelled BAEKAL IPETO.
   697 | D:1      | 697 ||| READING scroll labelled KABRAHEOLY.
   698 | D:1      | 698 ||| READING scroll labelled TEESOF WO YFURO.
   702 | D:1      | 702 ||| READING scroll labelled ORIUGE GANEDU.
   703 | D:1      | 703 ||| DROPPING scroll of poison.
   820 | D:2      | Reached XP level 3. HP: 10/29 MP: 3/3
  1058 | D:2      | Noticed a black bear
  1067 | D:2      | Killed a black bear
  1068 | D:2      | Reached skill level 5 in Ranged Weapons
  1068 | D:2      | Reached XP level 4. HP: 15/36 MP: 4/4
  1169 | D:2      | Reached skill level 1 in Armour
  1169 | D:2      | Reached XP level 5. HP: 26/41 MP: 5/5
  1173 | D:2      | HP: 10/41 [gnoll/+0 whip (6)]
  1179 | D:2      | HP: 4/41 [gnoll/+0 whip (3)]
  1181 | D:2      | Slain by a gnoll

Levels and vault maps discovered:
D:1:      nicolae_arrival_washed_ashore, layout_loops_cross
D:2:      layout_basic, basic_ecumenical_altar

Skill      XL: |  1  2  3  4 |
---------------+-------------+-----
Ranged Weapons | 3 5 |  5.4
Fighting       | 2 |  2.3
Armour         | 1 |  1.3
Dodging        | |  2.1
Spellcasting   | |  1.0
Hexes          | |  2.0

Action                     |  1- 3 |  4- 6 || total
---------------------------+-------+-------++-------
   Fire: Sling             |   106 |    21 ||   127
    Use: Scroll            |     4 |       ||     4
 Armour: Robe              |     1 |       ||     1
         Ring mail         |     6 |     4 ||    10
  Dodge: Dodged            |    26 |     8 ||    34

Table legend:
 A = Non-vault XP
 B = Vault XP
 C = Vault XP percentage of total XP
 D = Non-vault monster count
 E = Vault monster count
 F = Vault count percentage of total count
                 A         B        C        D         E       F
            +---------+---------+-------+---------+---------+-------
      Total |     231 |       0 |   0.0 |      37 |       0 |   0.0
            +---------+---------+-------+---------+---------+-------
        D:1 |      34 |       0 |   0.0 |      20 |       0 |   0.0
        D:2 |     197 |       0 |   0.0 |      17 |       0 |   0.0
            +---------+---------+-------+---------+---------+-------
